 Dungeon Crawl Stone Soup version 0.25.1-8-g42b30a86e7 (webtiles) character file.

Game seed: 1814309993252036731

65702 pokeman the Eclecticist (level 14, -1/79 HPs)
             Began as a Deep Elf Wizard on Dec 20, 2020.
             Was a High Priest of Vehumet.
             Slain by a blink frog (15 damage)
             ... on level 5 of the Lair of Beasts.
             The game lasted 01:45:18 (27217 turns).

pokeman the Eclecticist (Deep Elf Wizard)          Turns: 27217, Time: 01:45:18

Health: -1/79      AC:  5    Str:  4    XL:     14   Next: 76%
Magic:  46/49      EV: 12    Int: 38    God:    Vehumet [*****.]
Gold:   961        SH:  5    Dex: 13    Spells: 20/53 levels left

rFire    . . .     SeeInvis .   F - +12 Vampire's Tooth {vamp}
rCold    . . .     Gourm    .   a - +0 buckler
rNeg     . . .     Faith    +   U - +0 troll leather armour
rPois    +         Spirit   .   E - -4 hat of the Dungeon {*Slow MR+ MP+9 Int+3}
rElec    .         Reflect  .   M - +0 cloak
rCorr    .         Harm     .   w - +1 pair of gloves
MR       ++...                  j - +0 pair of boots
Stlth    ++........             h - amulet of faith
HPRegen  0.63/turn              n - ring of poison resistance
MPRegen  0.31/turn              R - +6 ring of intelligence

@: marked
A: no striking features
a: Renounce Religion


You were on level 5 of the Lair of Beasts.
You worshipped Vehumet.
Vehumet was extremely pleased with you.
You were not hungry.

You visited 4 branches of the dungeon, and saw 23 of its levels.
You also visited: Sewer and Gauntlet.

You collected 1076 gold pieces.
You spent 115 gold pieces at shops.

Inventory:

Hand Weapons
 x - a +0 longbow
 z - a +0 arbalest
 B - the +1 war axe "Xomao" {holy, Fragile rElec rC++}
   (You took it off a minotaur in a Gauntlet)

   It has been blessed by the Shining One to cause great damage to the undead
   and demons.
   It greatly protects you from cold.
   It insulates you from electricity.
   It will be destroyed if unequipped.
 F - the +12 Vampire's Tooth (weapon) {vamp}
   (You found it on level 14 of the Dungeon)

   It inflicts no extra harm, but heals its wielder when it wounds a living foe.
 S - a +2 spear of venom
Missiles
 l - 562 arrows
 A - 48 bolts
Armour
 a - a +0 buckler (worn)
 j - a +0 pair of boots (worn)
 m - a +0 helmet
 w - a +1 pair of gloves (worn)
 E - the -4 hat of the Dungeon (worn) {*Slow MR+ MP+9 Int+3}
   (You found it in a Gauntlet)

   It affects your intelligence (+3).
   It affects your resistance to hostile enchantments.
   It affects your magic capacity (+9).
   It may slow you when you take damage.
 M - a +0 cloak (worn)
 U - a +0 troll leather armour (worn)
Jewellery
 b - an uncursed amulet of reflection {unknown}
 h - an amulet of faith (around neck)
 n - a ring of poison resistance (left hand)
 v - an uncursed amulet of magic regeneration {unknown}
 N - an uncursed ring of positive energy
 Q - an uncursed ring of wizardry
 R - a +6 ring of intelligence (right hand)
 W - an uncursed amulet of reflection {unknown}
 X - the ring of Ugaef {rElec AC-4 Str-5 Int+7 Stlth+}
   (You found it in a Gauntlet)

   [ring of protection]

   It affects your AC (-4).
   It affects your strength (-5).
   It affects your intelligence (+7).
   It insulates you from electricity.
   It makes you more stealthy.
 Y - an uncursed ring of protection from magic
Wands
 f - a wand of polymorph (9)
 i - a wand of iceblast (17)
 p - a wand of disintegration (8)
 J - a wand of flame (17)
 P - a wand of random effects (2)
 T - a wand of digging (7)
Scrolls
 c - 3 scrolls of blinking
 g - 3 scrolls of fear {unknown}
 o - 2 scrolls of noise {unknown}
 q - a scroll of brand weapon {unknown}
 s - 4 scrolls of remove curse
 y - 5 scrolls of enchant weapon {unknown}
 H - a scroll of acquirement {unknown}
 I - a scroll of fog
 K - a scroll of torment {unknown}
 L - a scroll of amnesia
 O - a scroll of immolation {unknown}
 V - 2 scrolls of enchant armour
 Z - a scroll of holy word
Potions
 e - a potion of stabbing
 k - 7 potions of curing
 r - a potion of mutation
 t - 2 potions of magic
 u - 2 potions of ambrosia
 C - a potion of heal wounds
 D - 3 potions of haste
 G - a potion of flight
Comestibles
 d - 32 rations


   Skills:
 + Level 5.9 Fighting
 - Level 6.0 Armour
 - Level 3.0 Dodging
 - Level 3.0 Stealth
 - Level 5.0 Shields
 * Level 20.2 Spellcasting
 + Level 12.7 Conjurations
 - Level 1.0 Charms
 - Level 1.1 Summonings
 - Level 1.1 Translocations
 + Level 12.5 Fire Magic
 - Level 1.0 Ice Magic
 - Level 1.1 Air Magic
 - Level 1.0 Earth Magic
 - Level 1.0 Poison Magic
 - Level 1.0 Evocations


You had 20 spell levels left.
You knew the following spells:

 Your Spells              Type           Power        Failure   Level  Hunger
a - Magic Dart            Conj           ####         0%          1    None
b - Mephitic Cloud        Conj/Pois/Air  ######..     1%          3    None
c - Call Imp              Summ           #####...     1%          2    None
d - Blink                 Tloc           N/A          1%          2    None
e - Conjure Flame         Conj/Fire      #######.     0%          3    None
f - Foxfire               Conj/Fire      ####         0%          1    None
g - Bolt of Magma         Conj/Fire/Erth #######...   1%          5    None
h - Apportation           Tloc           #####.       1%          1    None
i - Shock                 Conj/Air       ####         1%          1    None
j - Swiftness             Chrm/Air       #####...     1%          2    None
k - Freezing Cloud        Conj/Ice/Air   ######....   7%          6    None
l - Starburst             Conj/Fire      #######...   1%          6    None

Your spell library contained the following spells:

 Spells                   Type           Power        Failure   Level  Hunger
 Iron Shot                Conj/Erth      ######....   3%          6    None
 Animate Skeleton         Necr           N/A          1%          1    None
 Corona                   Hex            #####..      1%          1    None
 Sting                    Tmut/Pois      ####         1%          1    None
 Summon Small Mammal      Summ           ####         1%          1    None
 Poisonous Vapours        Pois/Air       #####.       1%          2    None
 Slow                     Hex            #####...     1%          2    None
 Ignite Poison            Fire/Tmut/Pois ######..     1%          3    None
 Static Discharge         Conj/Air       ######..     1%          3    None
 Lightning Bolt           Conj/Air       ######....   1%          5    None
 Call Canine Familiar     Summ           #####...     2%          3    None
 Gell's Gravitas          Tloc           #####.....   2%          3    None
 Spider Form              Tmut/Pois      #####.....   2%          3    None
 Summon Guardian Golem    Hex/Summ       #####...     2%          3    None
 Airstrike                Air            #####.....   2%          4    None
 Olgreb's Toxic Radiance  Pois           #####...     2%          4    None
 Confusing Touch          Hex            #####...     3%          3    None
 Summon Ice Beast         Ice/Summ       #####...     8%          4    None
 Summon Lightning Spire   Summ/Air       #####...     8%          4    None
 Yara's Violent Unravell  Hex/Tmut       #####.....   9%          5    None
 Petrify                  Tmut/Erth      #####...     10%         4    None
 Metabolic Englaciation   Hex/Ice        #####.....   26%         5    None


Dungeon Overview and Level Annotations

Branches:
Dungeon (15/15)            Temple (1/1) D:4            Lair (6/6) D:8
 Shoals (0/4) Lair:2        Snake (0/4) Lair:3          Orc (1/2) D:9
 Vaults (0/5) D:14          Sewer (visited)         Gauntlet (visited)
  Slime: Lair:5-6    Depths: D:15

Altars:
Ashenzari
Cheibriados
Dithmenos
Elyvilon
Fedhas
Gozag
Makhleb
Nemelex Xobeh
Okawaru
Qazlal
Ru
Sif Muna
Trog
Uskayaw
Vehumet
Wu Jian
Xom
Yredelemnul
Zin
The Shining One

Shops:
D:5 :   D:6 (?   D:8 *   D:15 *

Annotations:
D:15 Louise


Message History

A blink frog comes into view.
A blink frog comes into view.
The bullfrog closely misses you.
Casting: Blink (safe; 1% risk of failure)
Confirm with . or Enter, or press ? or * to list all spells.
Aiming: Mephitic Cloud (safe; 1% risk of failure)
Press: ? - help, Shift-Dir - straight line, f/p - death yak
Aim: a death yak The ball explodes into a vile cloud!
The stinking cloud engulfs the blink frog but does no damage. x2
The stinking cloud engulfs the bullfrog but does no damage.
The stinking cloud engulfs you but does no damage.
The blink frog is engulfed in noxious fumes.
The bullfrog hits you.
* * * LOW HITPOINT WARNING * * *
The blink frog is engulfed in noxious fumes.
The blink frog appears confused.
The blink frog is engulfed in noxious fumes.
The blink frog hits you!
You die...

......#......P...#
...........?...P##
#P.....#...##..##
............#P.P##
F.....F..Y......#
.............###
........F.○YF##
........§FF..#
..PP..F.○F@.##
...P.#.P.....#
.PP.#.......#
..#.....<..#
#...P....#
.........##
#P....#...
....P#....


You could see 2 death yaks, 5 blink frogs and 2 bullfrogs.

Vanquished Creatures
  A vampire knight (D:13)
  A minotaur (Gauntlet)
  The ghost of Yqoodd the Thaumaturge, a journeyman GnWr of Kikubaaqudgha (D:13)
  A merfolk impaler (D:13)
  Josephine (D:12)
  8 vault guards (D:14)
  Harold (D:7)
  9 hydras
  2 centaur warriors
  A catoblepas (D:15)
  2 tengu warriors (D:13)
  4 two-headed ogres
  Urug (Lair:3)
  Nergalle (Lair:2)
  3 skeletal warriors (D:15)
  3 unseen horrors
  Pikel (D:6)
  A necromancer (Gauntlet)
  An orc knight (D:15)
  A deep elf mage (D:12)
  An orc sorcerer (D:15)
  A mana viper (D:15)
  2 ugly things
  3 manticores
  3 cyclopes
  2 centaur zombies (D:15)
  Joseph (D:7)
  A black mamba (D:15)
  A gargoyle (D:13)
  5 spiny frogs
  2 rime drakes
  An efreet (D:15)
  7 komodo dragons
  3 meliai (D:15)
  A polar bear (Lair:3)
  4 tyrant leeches (D:14)
  6 trolls
  A hornet (D:13)
  6 dream sheep (Lair:4)
  11 hippogriffs
  12 blink frogs
  2 centaur simulacra
  A water elemental (D:13)
  25 yaks
  3 basilisks
  6 wraiths
  A vampire (D:14)
  2 wyverns (D:9)
  3 hungry ghosts
  3 small abominations (Gauntlet)
  3 nagas (Lair:3)
  8 water moccasins
  Edmund (D:5)
  Duvessa (D:5)
  A harpy simulacrum (D:14)
  6 porcupines
  4 slaves (D:6)
  A black bear (D:10)
  An ice dragon simulacrum (Gauntlet)
  A sky beast (D:6)
  8 ogres
  13 orc warriors
  3 phantoms
  3 ice beasts
  A necrophage (D:9)
  14 wolves
  13 centaurs
  6 crocodiles
  2 big kobolds
  4 gnoll sergeants
  13 bullfrogs
  Dowan (D:5)
  2 hornet simulacra
  10 killer bees
  5 scorpions
  9 wights
  5 howler monkeys
  6 electric eels
  7 crimson imps
  A bullfrog zombie (D:10)
  12 hounds
  4 jellies
  A gnoll shaman (D:6)
  8 orc priests
  5 bullfrog skeletons
  5 centaur skeletons
  17 orc wizards
  3 iguanas
  10 worker ants
  2 hound skeletons
  19 gnolls
  14 adders
  A howler monkey skeleton (D:9)
  3 shadow imps
  8 oozes (Sewer)
  An adder zombie (D:7)
  3 adder skeletons
  A worm (D:4)
  A dart slug (D:3)
  14 leopard geckos
  67 orcs
  18 giant cockroaches
  12 goblins
  6 hobgoblins (D:3)
  17 jackals
  4 quokkas
  18 ball pythons
  A ball python skeleton (D:4)
  6 bats
  13 frilled lizards
  17 kobolds
  A quokka skeleton (D:5)
  13 rats
  A plant (Lair:4)
643 creatures vanquished.

Vanquished Creatures (collateral kills)
  A tengu warrior (D:13)
  A killer bee (D:12)
  A wight (D:10)
  Robin (D:3)
  2 goblins (D:3)
  2 hobgoblins (D:3)
8 creatures vanquished.

Vanquished Creatures (others)
  A sky beast (D:9)
  An ogre (D:7)
  An orc priest (D:15)
  938 foxfires
  7 fungi
  A plant (Lair:6)
  12 withered plants (Gauntlet)
961 creatures vanquished.

Grand Total: 1612 creatures vanquished

Notes
Turn   | Place    | Note
-------+----------+-------------------------------------------
     0 | D:1      | pokeman the Deep Elf Wizard began the quest for the Orb.
     0 | D:1      | Reached XP level 1. HP: 10/10 MP: 7/7
   364 | D:1      | Reached XP level 2. HP: 15/15 MP: 5/9
  1167 | D:2      | Reached skill level 5 in Spellcasting
  1268 | D:2      | Reached XP level 3. HP: 15/20 MP: 6/11
  1273 | D:2      | Learned a level 3 spell: Mephitic Cloud
  1276 | D:2      | Learned a level 2 spell: Call Imp
  1279 | D:2      | Learned a level 2 spell: Blink
  1283 | D:2      | Learned a level 3 spell: Conjure Flame
  1621 | D:2      | Reached skill level 1 in Armour
  1626 | D:2      | Reached skill level 1 in Fighting
  2305 | D:3      | Reached XP level 4. HP: 25/25 MP: 9/13
  2422 | D:3      | Found a shattered altar of Ashenzari.
  2948 | D:3      | Noticed Robin
  2999 | D:3      | Killed Robin
  3319 | D:3      | Reached skill level 1 in Fire Magic
  3588 | D:3      | Reached skill level 6 in Spellcasting
  4095 | D:4      | Reached XP level 5. HP: 23/29 MP: 8/15
  4431 | D:4      | Reached skill level 1 in Air Magic
  4508 | D:4      | Reached XP level 6. HP: 34/34 MP: 10/17
  4682 | D:4      | Found a staircase to the Ecumenical Temple.
  4692 | Temple   | Entered the Ecumenical Temple
  4880 | Temple   | Became a worshipper of Vehumet
  5153 | D:4      | Reached skill level 1 in Poison Magic
  5415 | D:4      | Reached skill level 7 in Spellcasting
  5606 | D:5      | Entered Level 5 of the Dungeon
  5612 | D:5      | Found a glowing drain.
  5623 | Sewer    | Entered a sewer
  5714 | Sewer    | Reached * piety under Vehumet
  5714 | Sewer    | Offered knowledge of Shock by Vehumet.
  5714 | Sewer    | Reached skill level 1 in Evocations
  5717 | Sewer    | Learned a level 1 spell: Shock
  6117 | Sewer    | Offered knowledge of Foxfire by Vehumet.
  6120 | Sewer    | Reached ** piety under Vehumet
  6162 | Sewer    | Learned a level 1 spell: Foxfire
  6209 | Sewer    | Reached XP level 7. HP: 39/39 MP: 17/19
  6246 | Sewer    | Offered knowledge of Searing Ray by Vehumet.
  6617 | D:5      | Noticed Duvessa
  6617 | D:5      | Noticed Dowan
  6628 | D:5      | Killed Duvessa
  6628 | D:5      | Reached skill level 8 in Spellcasting
  6630 | D:5      | Killed Dowan
  6728 | D:5      | Noticed Edmund
  6769 | D:5      | Killed Edmund
  6914 | D:5      | Reached *** piety under Vehumet
  6920 | D:5      | Reached XP level 8. HP: 33/44 MP: 18/22
  7167 | D:5      | Found Esual's Book Emporium.
  7418 | D:6      | Reached skill level 9 in Spellcasting
  7464 | D:6      | Noticed Pikel
  7492 | D:6      | Killed Pikel
  7492 | D:6      | Reached skill level 10 in Spellcasting
  7492 | D:6      | Reached skill level 5 in Conjurations
  7620 | D:6      | Found Moschyoc's Antique Weapon Shoppe.
  7732 | D:6      | Offered knowledge of Fulminant Prism by Vehumet.
  7912 | D:6      | Reached XP level 9. HP: 43/49 MP: 19/25
  8008 | D:6      | Found an iron altar of Okawaru.
  8041 | D:6      | Found Lenorapp's Magic Scroll Shoppe.
  8053 | D:6      | Bought a scroll of identify for 20 gold pieces
  8053 | D:6      | Bought a scroll of remove curse for 30 gold pieces
  8053 | D:6      | Bought a scroll of amnesia for 35 gold pieces
  8053 | D:6      | Bought a scroll of teleportation for 30 gold pieces
  8164 | D:6      | Reached skill level 5 in Fire Magic
  8263 | D:6      | Found a white marble altar of Elyvilon.
  8263 | D:6      | Found a glowing golden altar of the Shining One.
  8487 | D:6      | Killed an unseen horror
  8487 | D:6      | Reached skill level 11 in Spellcasting
  8735 | D:6      | Noticed a manticore
  8746 | D:6      | Killed a manticore
  8746 | D:6      | Reached skill level 1 in Shields
  9045 | D:7      | Reached **** piety under Vehumet
  9104 | D:7      | Offered knowledge of Olgreb's Toxic Radiance by Vehumet.
  9154 | D:7      | Reached skill level 12 in Spellcasting
  9384 | D:7      | Noticed Joseph
  9423 | D:7      | Noticed Harold
  9732 | D:7      | Found a shadowy altar of Dithmenos.
  9774 | D:7      | Found a blossoming altar of Fedhas.
  9800 | D:7      | Killed Joseph
  9800 | D:7      | Reached XP level 10. HP: 56/56 MP: 18/28
 10069 | D:7      | Killed Harold
 10344 | D:8      | Reached skill level 13 in Spellcasting
 10687 | D:8      | Found a staircase to the Lair.
 10694 | D:8      | Found Zin's Purification Station.
 10733 | D:8      | Noticed a two-headed ogre
 10753 | D:8      | Killed a two-headed ogre
 10926 | D:8      | Found a glowing silver altar of Zin.
 10942 | D:8      | Noticed a two-headed ogre
 11296 | D:8      | Reached ***** piety under Vehumet
 11296 | D:8      | Offered knowledge of Iskenderun's Battlesphere by Vehumet.
 11829 | D:8      | Killed a two-headed ogre
 11829 | D:8      | Reached skill level 14 in Spellcasting
 11829 | D:8      | Reached XP level 11. HP: 60/60 MP: 17/31
 12168 | D:9      | Found a white marble altar of Elyvilon.
 12168 | D:9      | Found a staircase to the Orcish Mines.
 12738 | D:9      | Found a shimmering blue altar of Sif Muna.
 12796 | D:9      | Learned a level 1 spell: Apportation
 13018 | D:9      | Found a basalt altar of Yredelemnul.
 13267 | D:10     | Entered Level 10 of the Dungeon
 13290 | D:10     | Noticed a two-headed ogre
 13368 | D:10     | Killed a two-headed ogre
 13446 | D:9      | Offered knowledge of Spellforged Servitor by Vehumet.
 13532 | Orc:1    | Entered Level 1 of the Orcish Mines
 14046 | D:10     | Killed an unseen horror
 14148 | D:10     | Reached skill level 15 in Spellcasting
 14335 | D:11     | Noticed a red ugly thing
 14339 | D:11     | Noticed a two-headed ogre
 14532 | D:10     | Killed a red ugly thing
 14744 | D:10     | Killed an unseen horror
 14744 | D:10     | Reached skill level 5 in Shields
 14833 | D:10     | HP: 1/60 [troll (3)]
 14994 | D:10     | Killed a two-headed ogre
 15114 | D:11     | Noticed an eight-headed hydra
 15215 | D:11     | Noticed a purple ugly thing
 15234 | D:11     | Killed a purple ugly thing
 15235 | D:11     | Offered knowledge of Bolt of Magma by Vehumet.
 15292 | D:10     | Learned a level 5 spell: Bolt of Magma
 15462 | D:11     | Killed an eight-headed hydra
 15462 | D:11     | Reached XP level 12. HP: 66/66 MP: 16/33
 15473 | D:11     | Reached skill level 1 in Earth Magic
 15991 | D:12     | Noticed Josephine
 16000 | D:12     | Killed Josephine
 16000 | D:12     | Reached skill level 16 in Spellcasting
 16393 | D:12     | Reached skill level 10 in Conjurations
 16817 | D:12     | Learned a level 2 spell: Swiftness
 17410 | D:13     | Reached skill level 1 in Charms
 17703 | D:13     | Noticed a seven-headed hydra
 17706 | D:13     | Killed a seven-headed hydra
 17706 | D:13     | Reached skill level 10 in Fire Magic
 17792 | D:13     | Offered knowledge of Freezing Cloud by Vehumet.
 17792 | D:13     | Noticed a centaur warrior
 17802 | D:13     | Killed a centaur warrior
 17802 | D:13     | Reached skill level 5 in Fighting
 17802 | D:13     | Reached skill level 17 in Spellcasting
 17973 | D:13     | Noticed a four-headed hydra
 17977 | D:13     | Killed a four-headed hydra
 18317 | D:13     | Got a faintly glowing trident
 18331 | D:13     | Identified the +1 trident of Victory {flame, rF- Str+2
                  | Dex+4} (You found it on level 13 of the Dungeon)
 18372 | D:13     | Found a runed translucent gate.
 18372 | D:13     | Found a runed translucent gate.
 18372 | D:13     | Found a runed translucent gate.
 18372 | D:13     | Noticed a merfolk impaler
 18372 | D:13     | Noticed a tengu warrior
 18373 | D:13     | Found an iron altar of Okawaru.
 18373 | D:13     | Noticed a tengu warrior
 18373 | D:13     | Noticed Yqoodd's ghost (journeyman GnWr)
 18373 | D:13     | Noticed a tengu warrior
 18381 | D:13     | Found a shimmering altar of Xom.
 18403 | D:13     | Noticed an eight-headed hydra
 18409 | D:13     | Killed an eight-headed hydra
 18802 | D:13     | Killed a tengu warrior
 18802 | D:13     | Reached XP level 13. HP: 51/72 MP: 7/36
 18803 | D:13     | Killed Yqoodd's ghost
 18809 | D:13     | Killed a merfolk impaler
 18864 | D:13     | Got a blackened morningstar
 18874 | D:13     | Identified the cursed +1 morningstar of Brawling {vorpal,
                  | Int+2} (You found it on level 13 of the Dungeon)
 19045 | D:14     | Learned a level 6 spell: Freezing Cloud
 19074 | D:14     | Found a gate to the Vaults.
 19089 | D:14     | Reached skill level 1 in Ice Magic
 19162 | D:14     | Reached skill level 18 in Spellcasting
 19238 | D:14     | Noticed a vampire knight
 19508 | D:13     | Killed a vampire knight
 20167 | D:14     | Found the +12 Vampire's Tooth {vamp}
 20280 | D:14     | Reached skill level 5 in Armour
 20343 | D:14     | Found a sacrificial altar of Ru.
 20395 | D:15     | Entered Level 15 of the Dungeon
 20844 | D:15     | Found Veinopn's Serpentskin Sales.
 21229 | D:15     | Reached skill level 19 in Spellcasting
 21240 | D:15     | Reached XP level 14. HP: 78/78 MP: 23/39
 21701 | D:15     | Noticed Louise
 21862 | Lair:1   | Entered Level 1 of the Lair of Beasts
 22242 | Lair:1   | Offered knowledge of Starburst by Vehumet.
 22349 | D:8      | Learned a level 6 spell: Starburst
 22501 | Lair:1   | Lost strength.
 23623 | Lair:2   | Found a staircase to the Shoals.
 23992 | Lair:2   | Noticed Nergalle
 24002 | Lair:2   | Killed Nergalle
 24242 | Lair:3   | Found a staircase to the Snake Pit.
 24394 | Lair:3   | Noticed Urug
 24400 | Lair:3   | Killed Urug
 25116 | Lair:3   | Offered knowledge of Iron Shot by Vehumet.
 26054 | Lair:4   | Reached skill level 20 in Spellcasting
 26298 | Lair:4   | You fall into a shaft and drop 2 floors!
 26298 | Lair:6   | Entered Level 6 of the Lair of Beasts
 26303 | Lair:6   | Found a gate leading to a gauntlet.
 26315 | Gauntlet | Entered a Gauntlet
 26315 | Gauntlet | Found a transporter.
 26315 | Gauntlet | Found a transporter.
 26360 | Gauntlet | Found a transporter.
 26375 | Gauntlet | Found a transporter.
 26393 | Gauntlet | Found a transporter.
 26402 | Gauntlet | Found a transporter.
 26419 | Gauntlet | Found a transporter.
 26497 | Gauntlet | Found a transporter.
 26506 | Gauntlet | Found a transporter.
 26508 | Gauntlet | Found a large runed translucent door.
 26508 | Gauntlet | Found a large runed translucent door.
 26509 | Gauntlet | Found a large runed translucent door.
 26509 | Gauntlet | Found a large runed translucent door.
 26510 | Gauntlet | Found a large runed translucent door.
 26510 | Gauntlet | Found a large runed translucent door.
 26510 | Gauntlet | Found a runed translucent door.
 26510 | Gauntlet | Found a runed translucent door.
 26510 | Gauntlet | Found a large runed translucent door.
 26511 | Gauntlet | Found a large runed translucent door.
 26511 | Gauntlet | Found a large runed translucent door.
 26512 | Gauntlet | Found a large runed translucent door.
 26517 | Gauntlet | Found a large runed translucent door.
 26517 | Gauntlet | Found a large runed translucent door.
 26518 | Gauntlet | Found a large runed translucent door.
 26518 | Gauntlet | Found a large runed translucent door.
 26518 | Gauntlet | Found a large runed translucent door.
 26518 | Gauntlet | Found a large runed translucent door.
 26521 | Gauntlet | Found a runed translucent gate.
 26521 | Gauntlet | Found a runed translucent gate.
 26521 | Gauntlet | Found a runed translucent gate.
 26523 | Gauntlet | Found a transporter.
 26537 | Gauntlet | Found a transporter.
 26557 | Gauntlet | Found a transporter.
 26633 | Gauntlet | Found a transporter.
 26633 | Gauntlet | Found a transporter.
 26647 | Gauntlet | Found a transporter.
 26684 | Gauntlet | Found a transporter.
 26685 | Gauntlet | Noticed an entropy weaver
 26914 | Gauntlet | Got a dazzling hat
 27029 | Gauntlet | Identified the +1 war axe "Xomao" {holy, Fragile rElec
                  | rC++}
 27046 | Gauntlet | Identified Jystoum's Disquisition on Poisoning
 27065 | Gauntlet | Got a brightly glowing lead ring
 27067 | Gauntlet | Lost strength.
 27067 | Gauntlet | Identified the cursed ring of Ugaef {rElec AC-4 Str-5 Int+7
                  | Stlth+} (You found it in a Gauntlet)
 27083 | Gauntlet | Identified the -4 hat of the Dungeon {*Slow MR+ MP+9 Int+3}
                  | (You found it in a Gauntlet)
 27187 | Lair:5   | HP: 3/79 [death yak (13)]
 27217 | Lair:5   | Slain by a blink frog

Illustrated notes

Levels and vault maps discovered:
D:1:      wheals_arrival_linesprint, layout_basic
D:2:      layout_loops_ring
D:3:      layout_basic, cheibrodos_ashenzari_chains, uniq_robin
D:4:      minmay_chambers_of_twos, layout_basic, minmay_temple_entry_large_hall,
          first_ration
D:5:      layout_gridville, portal_sewer_entry_d, serial_shops,
          kennysheep_little_box, uniq_edmund, uniq_duvessa
D:6:      layout_cave_pools, okawaru_metal_pillars_1_2,
          gammafunk_temple_overflow_elements, serial_gnoll_camp,
          gnoll_camp_mini_shop, gnoll_camp_mini_loothouse, gnoll_camp_mini_hut,
          gnoll_camp_medium_02, gnoll_camp_mini_shop, gnoll_camp_mini_hut,
          minmay_three_doors, uniq_pikel
D:7:      layout_cave_pools, kennysheep_mini_moat, grunt_ogre_cave,
          nicolae_dithmenos_shadow_blocks, uniq_joseph, uniq_harold
D:8:      layout_loops_cross, zin_purify, lair_entry_dummy
D:9:      layout_rooms, lemuel_doored_altar, tgw_sif, orc_0_dummy, basic_altar
D:10:     layout_rooms
D:11:     layout_rooms
D:12:     layout_roguey, minmay_misc_feat_tiny, chequers_serial_rivers_micro_d,
          lemuel_old_faithful, uniq_josephine
D:13:     layout_basic, gammafunk_ghost_fury_of_okawaru, basic_altar
D:14:     layout_roguey, erik_vaults_2, nicolae_ru_path_of_blood,
          chequers_jeans, minmay_guarded_unrand_vampires_tooth
D:15:     grunt_enter_depths_magical_seal, layout_stronghold,
          minmay_misc_feat_x, guppyfry_shop_venom, uniq_louise
Temple:   minmay_temple_curvy_branch
Lair:1:   layout_loops_ring, grunt_megastairs_2
Lair:2:   layout_regular_city, elwin_shoals_entry_rocks,
          nicolae_quartered_pool_little, uniq_nergalle
Lair:3:   layout_regular_city, guppyfry_snake_entry_island, uniq_urug
Lair:4:   layout_hall_layers, chequers_serial_rivers_small_b
Lair:5:   layout_regular_city, dpeg_slime_entry_corner, beast_lair_carwin_10
Lair:6:   due_jungle_book, layout_regular_city, gauntlet_entry_generic,
          zaba_anthell
Orc:1:    layout_caves, basic_altar, lightli_orcish_oven

Skill      XL: |  1  2  3  4  5  6  7  8  9 10 11 12 13 14 |
---------------+-------------------------------------------+-----
Spellcasting   | 5 6 7 8 10 12 14 15 17 19 20 | 20.2
Armour         | 1 2 3 5 6 |  6.0
Fighting       | 1 2 3 5 |  5.9
Conjurations   | 2 3 4 5 7 8 9 10 11 12 | 12.7
Fire Magic     | 1 3 4 6 7 9 10 11 12 | 12.5
Dodging        | 3 |  3.0
Stealth        | 3 |  3.0
Air Magic      | 1 |  1.1
Poison Magic   | 1 |  1.0
Evocations     | 1 |  1.0
Shields        | 2 3 5 |  5.0
Earth Magic    | 1 |  1.0
Charms         | 1 |  1.0
Ice Magic      | 1 |  1.0
Summonings     | |  1.1
Translocations | |  1.1

Action                   |  1- 3 |  4- 6 |  7- 9 | 10-12 | 13-15 || total
-------------------------+-------+-------+-------+-------+-------++-------
Melee: Dagger            |       |    29 |       |       |       ||    29
       Flail             |       |     3 |    67 |       |       ||    70
       Spear             |       |       |    30 |   286 |    14 ||   330
       Quick blade       |       |       |       |       |    46 ||    46
       Morningstar       |       |       |       |       |    13 ||    13
 Cast: Magic Dart        |   103 |   213 |    24 |    48 |     5 ||   393
       Call Imp          |       |     2 |     3 |    13 |     2 ||    20
       Mephitic Cloud    |       |     6 |    23 |    92 |    20 ||   141
       Conjure Flame     |       |     1 |    10 |    32 |    17 ||    60
       Foxfire           |       |     8 |   152 |   342 |    18 ||   520
       Shock             |       |     6 |       |    55 |       ||    61
       Blink             |       |       |     3 |    19 |     7 ||    29
       Bolt of Magma     |       |       |       |    77 |   230 ||   307
       Swiftness         |       |       |       |       |     2 ||     2
       Starburst         |       |       |       |       |     8 ||     8
       Freezing Cloud    |       |       |       |       |     2 ||     2
       Apportation       |       |       |       |       |     1 ||     1
Evoke: Wand              |       |       |       |     2 |     2 ||     4
       Box of beasts     |       |       |       |     1 |       ||     1
  Use: Scroll            |       |       |       |    13 |    12 ||    25
       Potion            |       |       |       |     1 |       ||     1
 Stab: Confused          |       |     3 |    13 |    26 |     3 ||    45
  Eat: Chunk             |     4 |    12 |    10 |    28 |    24 ||    78
       Ration            |       |       |       |     1 |     1 ||     2
Armor: Robe              |     3 |     2 |       |       |       ||     5
       Animal skin       |       |     7 |       |       |       ||     7
       Leather armour    |       |     4 |    29 |    74 |       ||   107
       Troll leather arm |       |       |       |    76 |    62 ||   138
       Skin              |       |       |       |     3 |       ||     3
Dodge: Dodged            |     9 |    67 |    84 |   283 |    85 ||   528
Block: Buckler           |       |       |       |     2 |    31 ||    33
